Map: 2000 Atmospheres LE

Players

Spirit - Winner!

  • Race: Terran Terran

Astrea

  • Race: Protoss Protoss

Event: IEM Katowice 2022

VOD

Have the link to the VOD?

Description

Time

  • Played on: Feb. 23, 2022, 7:29 a.m.
  • Length: 9:04

All games in this series

Show
View Real Time Build Order
Export as new Build Order

Spirit Terran - Winner!

Build Orders:  

Get SALT Encoding   

  12  0:00  SCV  
  13  0:12  SCV  
  14  0:16  Supply Depot  
  14  0:24  SCV  
  15  0:38  SCV  
  15  0:40  Barracks  
  16  0:43  Refinery  
  16  0:50  SCV  
  17  1:02  SCV  
  18  1:14  SCV  
  19  1:26  Marine  
  19  1:27  Orbital Command  
  20  1:44  Command Center  
  20  1:45  Reaper  
  21  1:52  Supply Depot  
  21  1:55  SCV  
  22  2:07  SCV  
  23  2:12  Factory  
  23  2:18  Bunker  
  23  2:19  SCV  
  23  2:21  Barracks Reactor  
  24  2:25  Refinery  
  24  2:31  SCV  
  25  2:43  SCV  
  26  2:55  SCV  
  26  2:57  Hellion  
  29  2:58  Starport, Marine  
  29  2:59  Marine  
  29  3:05  Orbital Command  
  31  3:09  SCV  
  31  3:18  Widow Mine  
  31  3:19  Marine  
  34  3:22  SCV  
  35  3:32  SCV  
  35  3:34  SCV  
  37  3:37  Medivac  
  37  3:38  Supply Depot  
  37  3:40  Widow Mine  
  41  3:44  SCV  
  41  3:46  SCV, Marine x2  
  45  3:56  SCV  
  45  4:00  SCV  
  45  4:01  Supply Depot  
  47  4:03  Barracks  
  47  4:04  Engineering Bay  
  47  4:05  Factory Tech Lab  
  47  4:09  SCV, Starport Tech Lab  
  48  4:12  SCV, Marine  
  48  4:13  Marine  
  51  4:21  SCV  
  51  4:23  Barracks  
  52  4:24  SCV  
  52  4:28  Raven  
  58  4:31  Siege Tank  
  58  4:32  Marine  
  58  4:33  SCV  
  58  4:36  SCV  
  58  4:37  Supply Depot  
  61  4:42  Missile Turret, Marine  
  62  4:51  Supply Depot  
  62  4:56  SCV x2  
  62  5:01  Supply Depot, Refinery  
  62  5:02  Refinery  
  62  5:03  Terran Infantry Weapons Level 1  
  62  5:08  SCV x2  
  62  5:14  Stimpack  
  62  5:16  Marine  
  62  5:20  SCV x2  
  65  5:23  Supply Depot  
  65  5:25  Marauder, Starport Reactor  
  65  5:27  Marine, Marauder  
  70  5:32  SCV x2  
  72  5:39  Combat Shield  
  72  5:41  Factory Reactor  
  72  5:44  SCV x2, Marine x2  
  72  5:46  Marauder  
  72  5:47  Supply Depot  
  72  5:48  Marauder  
  79  6:02  Marine  
  80  6:06  Medivac  
  80  6:07  Marauder  
  80  6:09  Medivac  
  80  6:10  Marauder, Command Center  
  88  6:11  Marine  
  88  6:16  SCV x2  
  90  6:20  Marine  
  90  6:21  Supply Depot  
  90  6:22  Widow Mine x2  
  95  6:28  SCV  
  95  6:29  SCV, Marauder, Marine  
  95  6:31  Marauder  
  102  6:37  Supply Depot  
  102  6:43  Marine  
  103  6:47  Widow Mine  
  103  6:48  Widow Mine, Medivac  
  103  6:49  Marine  
  103  6:52  Barracks x2  
  110  6:54  Concussive Shells  
  110  6:58  Medivac  
  110  6:59  SCV x2, Marauder x2  
  118  7:12  Supply Depot  
  118  7:13  Supply Depot  
  118  7:14  Armory, Engineering Bay  
  118  7:20  SCV, Marine, Medivac  
  118  7:21  Marauder  
  116  7:24  Marine  
  116  7:25  Marauder  
  116  7:26  SCV  
  116  7:28  Medivac  
  109  7:35  Widow Mine  
  111  7:38  Marine  
  111  7:40  Barracks Reactor  
  111  7:41  Barracks Tech Lab  
  111  7:43  SCV  
  113  7:48  Marine, Marauder  
  113  7:50  Medivac  
  118  7:51  SCV  
  118  7:54  Marine  
  120  8:00  Widow Mine x2  
  120  8:01  SCV  
  120  8:02  Marine  
  120  8:03  Marauder  
  120  8:05  Orbital Command  
  128  8:06  Marine  
  128  8:10  SCV  
  130  8:13  SCV  
  130  8:15  Marine  
  130  8:16  Marauder  
  133  8:20  Marine  
  133  8:22  SCV  
  133  8:23  Marine  
  138  8:27  Viking x2  
  138  8:29  SCV  
  138  8:32  Refinery  
  138  8:33  Refinery  
  139  8:36  Marine, Marauder  
  139  8:38  Marine  
  139  8:39  Marauder  
  141  8:46  Ghost Academy  
  141  8:49  Starport  
  141  8:50  SCV  
  141  8:51  SCV  
  143  8:59  Command Center  
Show
View Real Time Build Order
Export as new Build Order

Astrea Protoss 

Build Orders: 1 Gate Expand, Blink Stalkers, Colossus Rush 

Get SALT Encoding   

  12  0:00  Probe  
  13  0:12  Probe  
  14  0:17  Pylon  
  14  0:24  Probe (Chrono Boost)  
  15  0:36  Probe (Chrono Boost)  
  15  0:37  Gateway  
  16  0:44  Probe (Chrono Boost)  
  16  0:46  Assimilator  
  17  0:51  Probe  
  18  1:03  Probe  
  19  1:15  Probe  
  20  1:24  Cybernetics Core  
  20  1:32  Nexus  
  20  1:36  Probe  
  21  1:42  Pylon  
  21  1:48  Probe  
  21  1:52  Assimilator  
  22  2:00  Probe (Chrono Boost), Adept  
  25  2:02  Warp Gate  
  25  2:10  Probe (Chrono Boost)  
  25  2:15  Probe (Chrono Boost)  
  27  2:25  Twilight Council  
  27  2:27  Probe  
  28  2:34  Stalker (Chrono Boost)  
  30  2:42  Probe (Chrono Boost)  
  31  2:44  Probe (Chrono Boost)  
  33  2:53  Probe (Chrono Boost)  
  33  2:55  Probe (Chrono Boost)  
  33  2:58  Probe (Chrono Boost)  
  33  3:03  Probe  
  35  3:10  Probe  
  35  3:12  Blink  
  36  3:17  Probe (Chrono Boost)  
  37  3:22  Gateway, Probe (Chrono Boost)  
  37  3:24  Robotics Facility  
  38  3:32  Probe x2 (Chrono Boost)  
  38  3:37  Probe (Chrono Boost)  
  38  3:39  Probe  
  38  3:40  Pylon  
  42  3:45  Assimilator  
  42  3:47  Assimilator  
  40  3:49  Probe (Chrono Boost)  
  40  3:50  Stalker  
  44  3:56  Probe (Chrono Boost)  
  44  4:01  Probe (Chrono Boost)  
  44  4:02  Pylon  
  45  4:06  Probe x2 (Chrono Boost)  
  47  4:12  Observer (Chrono Boost)  
  47  4:15  Probe x2  
  47  4:16  Robotics Bay, Stalker  
  52  4:21  Stalker  
  52  4:22  Pylon  
  54  4:28  Probe, Observer (Chrono Boost)  
  57  4:36  Nexus  
  56  4:40  Pylon  
  56  4:43  Stalker  
  58  4:46  Probe  
  58  4:51  Probe  
  59  5:10  Stalker x2  
  61  5:16  Colossus (Chrono Boost)  
  61  5:18  Observer  
  67  5:23  Probe x2  
  67  5:26  Pylon  
  69  5:33  Charge  
  69  5:35  Probe x2  
  71  5:36  Extended Thermal Lance  
  71  5:41  Pylon  
  71  5:43  Sentry  
  71  5:47  Probe x2  
  75  5:52  Stalker  
  75  5:54  Probe (Chrono Boost)  
  78  5:59  Probe (Chrono Boost)  
  78  6:01  Colossus (Chrono Boost), Probe (Chrono Boost)  
  78  6:03  Observer  
  73  6:10  Probe (Chrono Boost)  
  73  6:11  Probe (Chrono Boost)  
  79  6:13  Probe (Chrono Boost)  
  76  6:18  Stalker x2  
  76  6:20  Shield Battery  
  76  6:24  Observer  
  80  6:25  Probe  
  80  6:26  Probe x2  
  82  6:38  Probe  
  81  6:42  Stalker x2, Probe  
  86  6:47  Probe  
  86  6:50  Probe  
  89  6:54  Colossus, Probe  
  89  6:59  Probe  
  89  7:01  Pylon  
  96  7:02  Probe  
  96  7:07  Sentry x2  
  101  7:08  Probe  
  101  7:11  Probe  
  101  7:12  Pylon  
  101  7:14  Probe  
  101  7:15  Forge  
  104  7:20  Probe  
  104  7:21  Observer  
  104  7:22  Observer  
  103  7:27  Probe x2  
  93  7:34  Probe  
  91  7:37  Stalker x2  
  91  7:39  Gateway  
  91  7:42  Gateway  
  91  7:43  Probe x2  
  97  7:44  Gateway  
  97  7:46  Probe  
  97  7:50  Gateway  
  98  7:51  Gateway  
  98  7:53  Gateway  
  98  7:55  Probe  
  99  8:01  Sentry x2  
  99  8:05  Forge  
  103  8:18  Pylon  
  103  8:24  Stalker x2  
  103  8:30  Pylon, Probe x2  
  103  8:32  Pylon  
  91  8:34  Probe  
  86  8:42  Probe x2  
  86  8:46  Probe  
  87  8:49  Stalker x4  
  81  8:55  Photon Cannon  

Tags
 
Add a new tag
Caveats
  • Supply blocks, unpowered buildings, or Contaminate may cause inaccurate times.
  • Supply counts are checked every 10 seconds.